 Dungeon Crawl Stone Soup version 0.30-a0-1103-g25895a7845 (webtiles) character file.

Game seed: 11546546091116817494

9 Arzdou the Insei (level 2, 21/21 HPs)
             Began as a Demonspawn Transmuter on Apr 18, 2023.
             Quit the game on level 1 of the Dungeon.
             The game lasted 00:00:44 (260 turns).

Arzdou the Insei (Demonspawn Transmuter)             Turns: 260, Time: 00:00:45

Health: 21/21      AC:  3    Str: 10    XL:     2   Next: 6%
Magic:  5/5        EV: 12    Int: 14    God:
Gold:   21         SH:  0    Dex: 13    Spells: 4/5 levels left

rFire   . . .      SeeInvis .      - Unarmed
rCold   . . .      Faith    .    (no shield)
rNeg    . . .      Spirit   .    a - +0 robe
rPois   .          Reflect  .    (helmet restricted)
rElec   .          Rampage  .    d - +0 cloak
rCorr   .                        (no gloves)
Will    .....                    (no boots)
Stlth   +                        (no amulet)
HPRegen 0.23/turn                (no ring)
MPRegen 0.09/turn                (no ring)

@: no status effects
A: antennae 1
a: no special abilities


You were on level 1 of the Dungeon.
You visited 1 branch of the dungeon, and saw 1 of its levels.

You collected 21 gold pieces.

Inventory:

Armour
 a - a +0 robe (worn)
 d - a +0 cloak (worn)
Scrolls
 c - 2 scrolls of vulnerability {unknown}
Potions
 b - 2 potions of lignification


   Skills:
 + Level 1.0 Fighting
 + Level 1.8 Dodging
 + Level 3.0 Unarmed Combat
 + Level 2.2 Spellcasting
 + Level 1.8 Transmutations


You had 4 spell levels left.
You knew the following spells:

 Your Spells              Type           Power      Damage    Failure   Level
a - Beastly Appendage     Tmut           12%        N/A       11%         1

Your spell library contained the following spells:

 Spells                   Type           Power      Damage    Failure   Level
 Wereblood                Tmut           6%         N/A       16%         2
 Magic Dart               Conj           4%         1d3       24%         1
 Call Imp                 Summ           2%         N/A       34%         2
 Spider Form              Tmut/Pois      4%         N/A       43%         3
 Mephitic Cloud           Conj/Pois/Air  1%         N/A       56%         3
 Ice Form                 Ice/Tmut       4%         N/A       83%         4


Dungeon Overview and Level Annotations

Branches:
Dungeon (1/15)

Altars:


Innate Abilities, Weirdness & Mutations

You have a pair of small antennae on your head.


Message History

The hobgoblin closely misses you.
You hit the hobgoblin. You claw the hobgoblin.
You kill the hobgoblin!
You see here a hobgoblin corpse.
Your transformation is almost over.
The ball python hisses angrily.
The ball python barely misses you. The ball python grabs you.
The ball python constricts you.
You hit the ball python.
You kill the ball python!
A goblin comes into view. It is wielding a +0 club.
Found 15 gold pieces.
Your horns disappear.
Your talons disappear.
The goblin shouts!
A frilled lizard comes into view.
The frilled lizard hisses angrily.
You grow a pair of large bovine horns.
Your feet morph into talons.
The goblin misses you.
You hit the goblin. You claw the goblin, but do no damage.
The goblin is severely wounded.
The goblin barely misses you.
You closely miss the goblin. You headbutt the goblin.
You kill the goblin!
Your transformation is almost over.
Your Unarmed Combat skill increases to level 3!
You have reached level 2!
Your demonic ancestry asserts itself...
The horns on your head shrink a bit. The horns on your head shrink away.
A pair of antennae grows on your head!
You hit the frilled lizard.
You kill the frilled lizard!
No target in view!
Your talons disappear.
You pick up a book of Minor Magic and begin reading...
You add the spells Magic Dart, Call Imp and Mephitic Cloud to your library.
Things that are here:
a +0 club; a frilled lizard corpse; a goblin corpse You now have 21 gold pieces (gained 15).
A ball python comes into view.
Are you sure you want to abandon this character and quit the game? (Confirm with "yes".)

#. ## .. .. .#.. #. .#.
##.## ... #...# ##. .##
#...# ##.# #.## #...#
##.@# #..# #...##
#...###..# #....^
.....#.......######...##
.... ##...#....)........
... #.####.........[...
.. #.. ##............ S
#.. ....####......# #.#
##### #.#..†.. #.
#.#....#


You could see a ball python (asleep).

Vanquished Creatures
  2 ball pythons (D:1)
  A giant cockroach (D:1)
  A goblin (D:1)
  A hobgoblin (D:1)
  A bat (D:1)
  2 frilled lizards (D:1)
  2 rats (D:1)
10 creatures vanquished.

Notes
Turn   | Place    | Note
-------+----------+-------------------------------------------
     0 | D:1      | Arzdou the Demonspawn Transmuter began the quest for the
                  | Orb.
     0 | D:1      | Reached XP level 1. HP: 15/15 MP: 3/3
   224 | D:1      | Reached skill level 3 in Unarmed Combat
   224 | D:1      | Lost mutation: You have a pair of horns on your head.
                  | [demonic ancestry]
   224 | D:1      | Lost mutation: You have a pair of small horns on your head.
                  | [demonic ancestry]
   224 | D:1      | Gained mutation: You have a pair of small antennae on your
                  | head. [demonic ancestry]
   224 | D:1      | Reached XP level 2. HP: 21/21 MP: 3/5
   260 | D:1      | Quit the game

Illustrated notes

Levels and vault maps discovered:
D:1:      dpeg_arrival_more_subterranean_lakeside_camping, layout_loops_cross

Skill      XL: |  1 |
---------------+----+-----
Unarmed Combat | 3 |  3.0
Fighting       | |  1.0
Dodging        | |  1.8
Spellcasting   | |  2.2
Transmutations | |  1.8

Action                     || total
---------------------------++-------
  Melee: Unarmed           ||    18
         Kick              ||     5
         Headbutt          ||     2
   Cast: Beastly Appendage ||     5
 Armour: Robe              ||     3
  Dodge: Dodged            ||    16

Table legend: (Time is in decaauts)
 A = Elapsed time spent in this place.
 B = Non-inter-level travel time spent in this place.
 C = Inter-level travel time spent in this place.
 D = Time resting spent in this place.
 E = Time spent auto-exploring this place.
 F = Levels seen in this place.
 G = Mean time per level.
                   A        B        C        D        E       F      G
               +--------+--------+--------+--------+--------+-----+--------+
         Total |    258 |    255 |      3 |      0 |    194 |   1 |  258.0 |
       Dungeon |    258 |    255 |      3 |      0 |    194 |   1 |  258.0 |
               +--------+--------+--------+--------+--------+-----+--------+

Top non-repeatable levels by time:
     D:1: 258 daAuts
